[Event "Team 45 45 League T27"]
[Site "Internet Chess Club"]
[Date "2005.06.25"]
[Round "2"]
[White "nir8888"]
[Black "kingfischer57"]
[Result "1-0"]
[WhiteElo "1654"]
[BlackElo "1676"]
[TimeControl "2700+45"]

1. d4 Nf6 2. Bf4 d5 3. Nf3 g6 4. e3 Bg7 5. Bd3 O-O 6. h3 Nbd7 7. c3 c5 8. Nbd2
cxd4 9. exd4 Re8 10. O-O Qb6 11. Rb1 Nh5 12. Be3 Qc7 13. g4 Nf4 14. Bxf4 Qxf4
15. Re1 e5 16. Nh4 e4 17. Ng2 Qd6 18. Nf1 Nf6 19. Be2 b6 20. Nfe3 Bb7 21. f3 Qg3
22. h4 Re7 23. g5 Nh5 24. Nf1 Qh3 25. fxe4 Ng3 26. Nxg3 Qxg3 27. e5 h6 28. Bf3
hxg5 29. Re3 gxh4 30. Bg4 Qxe3+ 31. Nxe3 f6 32. Qb3 fxe5 33. Nxd5 Rf7 34. Be6
{Black resigns} 1-0

[Event "Team 45 45 League T27"]
[Site "Internet Chess Club"]
[Date "2005.06.25"]
[Round "2"]
[White "reijo"]
[Black "Katzie"]
[Result "1-0"]
[WhiteElo "1522"]
[BlackElo "1560"]
[TimeControl "2700+45"]

1. d4 Nf6 2. c4 g6 3. Nc3 Bg7 4. e4 d6 5. Nf3 O-O 6. Be2 Nc6 7. O-O Ne8 8. Be3
f5 9. d5 Ne5 10. Nxe5 Bxe5 11. Bd4 Bg7 12. Qd2 f4 13. f3 h5 14. Bf2 g5 15. g4
hxg4 16. fxg4 f3 17. Bd1 e5 18. dxe6 Bxe6 19. Nd5 Bxg4 20. Bd4 c6 21. Ne3 Bh5
22. Nf5 c5 23. Bxg7 Nxg7 24. Qd5+ Bf7 25. Nh6+ Kh7 26. Nxf7 Qf6 27. Nxg5+ Kh8
28. Qd2 Qg6 29. Kh1 Rae8 30. Rxf3 Rxf3 31. Bxf3 Re5 32. Rg1 {Black resigns} 1-0

[Event "Team 45 45 League T27"]
[Site "Internet Chess Club"]
[Date "2005.06.26"]
[Round "2"]
[White "hotzoddy"]
[Black "Midwest-Rook"]
[Result "0-1"]
[WhiteElo "1333"]
[BlackElo "1276"]
[TimeControl "2700+45"]

1. e4 e5 2. Nc3 Bc5 3. Nf3 Nc6 4. Bc4 d6 5. O-O Bg4 6. h3 Bh5 7. d3 Nd4 8. Re1
Nxf3+ 9. gxf3 Qh4 10. Be3 Qxh3 11. Qe2 Bxf3 12. Qf1 Qg4+ 13. Kh2 h5 14. Bxc5
dxc5 15. Ne2 h4 16. Qh3 Bxe2 17. Rg1 Qxh3+ 18. Kxh3 g6 19. Bd5 c6 20. Bc4 Nf6
21. Rg5 Rh5 22. Rxh5 Nxh5 23. Kxh4 Nf6 24. Kg5 Ke7 25. f4 exf4 26. Kxf4 Rh8 27.
Re1 Bh5 28. e5 Nd5+ 29. Kg5 Ke6 30. Bxd5+ cxd5 31. c4 d4 32. a3 Bf3 33. Kf4 Rh3
34. b4 b6 35. bxc5 bxc5 36. Rb1 Be2 37. Kg5 Rh5+ 38. Kf4 Bxd3 39. Rb7 a6 40.
Rb6+ Ke7 41. Rxa6 Bxc4 42. Rc6 Rf5+ 43. Ke4 d3 44. Rxc5 d2 45. Rxc4 d1=Q 46.
Rc7+ Kd8 47. Rc4 Qe2+ 48. Kd5 Rxe5+ {White resigns} 0-1

[Event "Team 45 45 League T27"]
[Site "Internet Chess Club"]
[Date "2005.06.25"]
[Round "2"]
[White "markev"]
[Black "Knight-Rookie"]
[Result "1-0"]
[WhiteElo "1303"]
[BlackElo "1242"]
[TimeControl "2700+45"]

1. d4 d5 2. c4 Nf6 3. Nc3 dxc4 4. e3 Bf5 5. Bxc4 e6 6. a3 Nbd7 7. Nf3 Bd6 8. O-O
O-O 9. Be2 c6 10. Re1 Qc7 11. e4 Nxe4 12. Nxe4 Bxe4 13. Bd3 Bxf3 14. Qxf3 Bxh2+
15. Kf1 Bd6 16. Qh3 g6 17. Bh6 Rfe8 18. Re2 Nf6 19. Qf3 Nd5 20. Bg5 Rf8 21. Be4
Be7 22. Bh6 Rfe8 23. Bxd5 exd5 24. Rae1 Qh2 25. g3 Qxh6 26. Rxe7 Rxe7 27. Rxe7
Qc1+ 28. Kg2 Rf8 29. Rxb7 a5 30. b4 Qxa3 31. Qxa3 axb4 {Black resigns} 1-0

[Event "Team 45 45 League T27"]
[Site "Internet Chess Club"]
[Date "2005.06.23"]
[Round "2"]
[White "slakkjaw"]
[Black "rpgrossman"]
[Result "1-0"]
[WhiteElo "1159"]
[BlackElo "1001"]
[TimeControl "2700+45"]

1. e4 Nf6 2. Nc3 c6 3. d4 d5 4. Bd3 Bg4 5. f3 Bh5 6. e5 Nfd7 7. Bf4 e6 8. Qd2
Qb6 9. Nge2 Qxb2 10. Rb1 Qa3 11. O-O c5 12. Nb5 Qxa2 13. Nc7+ Ke7 14. Nxa8 Bg6
15. Bxg6 hxg6 16. Rxb7 Nc6 17. dxc5 Qa6 18. Rfb1 Qa5 19. Qxa5 Nxa5 20. Rxa7 Nc6
21. Rc7 Nb8 22. Rxb8 f6 23. Nd4 Rh4 24. Nc6+ Kf7 25. Rxd7+ Kg8 26. Ne7+ Kf7 27.
Nf5+ Kg8 28. Nxh4 g5 29. Ng6 gxf4 30. exf6 Kh7 31. Nxf8+ Kh6 32. fxg7 {Black
resigns} 1-0

[Event "Team 45 45 League T27"]
[Site "Internet Chess Club"]
[Date "2005.06.26"]
[Round "2"]
[White "kevinfons"]
[Black "Tomate"]
[Result "1/2-1/2"]
[WhiteElo "1445"]
[BlackElo "1415"]
[TimeControl "2700+45"]

1. c4 e5 2. Nc3 Nf6 3. e4 c5 4. d3 a6 5. Bg5 Be7 6. Bxf6 Bxf6 7. Nd5 d6 8. Be2
Be6 9. Nf3 Bxd5 10. cxd5 Nd7 11. O-O O-O 12. a3 Nb6 13. b4 Rc8 14. Rc1 Nd7 15.
bxc5 Nxc5 16. Rc4 b5 17. Rc1 Qb6 18. h3 Na4 19. Qb3 Rc7 20. Rc2 Rfc8 21. Rfc1
Nc5 22. Qb4 a5 23. Qb2 Na4 24. Qb3 Nc5 25. Qb1 a4 26. d4 Nb3 27. Rxc7 Rxc7 28.
Rxc7 Qxc7 29. dxe5 dxe5 30. Bxb5 Qa5 31. Bc6 g6 32. Qe1 Qc5 33. Bxa4 Qxa3 34.
Bxb3 Qxb3 35. Qd2 Qb1+ 36. Kh2 Qxe4 37. d6 Qa8 38. d7 e4 39. Ng5 Be5+ 40. g3 Bc7
41. Nxe4 Qxe4 42. d8=Q+ Bxd8 43. Qxd8+ Kg7 44. Qd2 Qf3 45. Qd4+ f6 46. Qd7+ Kh6
47. Qd2+ Kg7 48. Qe3 Qf5 49. Qe7+ Kh6 50. Qe3+ Kg7 51. Qe7+ Kh6 52. Qe3+ Kg7 53.
Qe7+ Kh6 {Game drawn by repetition} 1/2-1/2

[Event "Team 45 45 League T27"]
[Site "Internet Chess Club"]
[Date "2005.06.24"]
[Round "2"]
[White "Traho"]
[Black "nona"]
[Result "0-1"]
[WhiteElo "1268"]
[BlackElo "1365"]
[TimeControl "2700+45"]

1. e4 d5 2. exd5 Nf6 3. Nc3 Nxd5 4. Nxd5 Qxd5 5. d3 Nc6 6. Qf3 Qd8 7. Qd1 e5 8.
Be3 Bb4+ 9. Bd2 Bd6 10. h3 O-O 11. Nf3 Be6 12. Ng5 Bd5 13. Ne4 f5 14. Nc3 Be6
15. Nb5 Bc5 16. Be3 Bxe3 17. fxe3 Qh4+ 18. Kd2 Qb4+ 19. Nc3 f4 20. e4 Nd4 21. a3
Qxb2 22. Na4 Qb5 23. c3 Nb3+ 24. Kc2 Nxa1+ 25. Qxa1 Qxa4+ {White resigns} 0-1

[Event "Team 45 45 League T27"]
[Site "Internet Chess Club"]
[Date "2005.06.23"]
[Round "2"]
[White "GLuft"]
[Black "peterchess007"]
[Result "1-0"]
[WhiteElo "1176"]
[BlackElo "1141"]
[TimeControl "2700+45"]

1. e4 e5 2. Nf3 Nc6 3. Bc4 Bc5 4. c3 d6 5. d4 Bb6 6. d5 Na5 7. Bb5+ c6 8. Ba4
Nf6 9. Nbd2 O-O 10. b4 Bg4 11. bxa5 Bxa5 12. Bb2 b5 13. h3 Bxf3 14. Nxf3 bxa4
15. Qxa4 c5 16. O-O h6 17. Nd2 Rb8 18. Rab1 Nh5 19. Nc4 Bb6 20. Bc1 Qh4 21. Nxd6
g6 22. Bxh6 Rfd8 23. Qc6 Kh7 24. Nxf7 Qe7 25. Ng5+ Kg8 26. Qe6+ Qxe6 27. Nxe6
Re8 28. Ng5 Nf4 29. Rfe1 Rbd8 30. c4 Ba5 31. Re3 Rb8 32. Rb5 Bd2 33. Rxb8 Rxb8
34. Rb3 Bb4 35. Kf1 a5 36. Ne6 Kh7 37. Bxf4 exf4 38. Nxf4 Rf8 39. g3 Re8 40. f3
Rf8 41. Ke2 Rh8 42. a3 a4 43. Re3 Ba5 44. Ne6 Bb6 45. Ng5+ Kg7 46. h4 Kf6 47.
e5+ Kg7 48. e6 Bd8 49. Nf7 Re8 50. d6 Kf6 51. Nxd8 Rxd8 52. e7 Re8 53. d7 Rxe7
54. d8=Q Kf7 55. Qxe7+ Kg8 56. Re6 g5 57. Rg6+ Kh8 58. Qg7# {Black checkmated}
1-0

[Event "Team 45 45 League T27"]
[Site "Internet Chess Club"]
[Date "2005.06.24"]
[Round "2"]
[White "tryanything"]
[Black "Lizaveta"]
[Result "1-0"]
[WhiteElo "1433"]
[BlackElo "1497"]
[TimeControl "2700+45"]

1. d4 d5 2. c4 e6 3. Nc3 c5 4. Nf3 Nc6 5. Bg5 Be7 6. Bxe7 Ngxe7 7. e3 O-O 8. Bd3
b6 9. O-O Bb7 10. a3 a5 11. Qc2 f5 12. Rfd1 Ng6 13. dxc5 bxc5 14. Nb5 Nce7 15.
Rac1 Rc8 16. Qc3 dxc4 17. Bxc4 Qb6 18. Rd6 Nd5 19. Rxb6 Nxc3 20. Bxe6+ Kh8 21.
Nxc3 Rc7 22. Bd5 Bc8 23. Rb8 h6 24. g3 Rd8 25. Be6 Ne7 26. Bxc8 Nxc8 27. Nb5
Rcd7 28. Rxc5 Nd6 29. Rxd8+ Rxd8 30. Nxd6 Rxd6 31. Rxa5 Rd1+ 32. Kg2 Rd7 33. b4
Rb7 34. b5 g6 35. h4 Kg8 36. a4 Kf7 37. Ra6 h5 38. b6 Ke6 39. a5 Kd6 40. Ra7 Kc6
41. Ne5+ Kb5 42. Rxb7 Kxa5 43. Nc4+ Ka6 44. Ra7+ {Black resigns} 1-0

[Event "Team 45 45 League T27"]
[Site "Internet Chess Club"]
[Date "2005.06.25"]
[Round "2"]
[White "N20863"]
[Black "SandiaCaveMan"]
[Result "1/2-1/2"]
[WhiteElo "1338"]
[BlackElo "1353"]
[TimeControl "2700+45"]

1. e4 c5 2. Nf3 Nc6 3. d4 cxd4 4. Nxd4 Qb6 5. Nxc6 dxc6 6. Bd3 e5 7. O-O Nf6 8.
Nd2 Be6 9. Bc4 c5 10. Bxe6 Qxe6 11. Qe2 a6 12. c4 Be7 13. b3 O-O 14. Nf3 h6 15.
Bb2 Nd7 16. Rad1 f6 17. Ne1 Rfd8 18. Nc2 Nf8 19. Ne3 Ng6 20. Nd5 Rd7 21. Rd2 Rf8
22. Rfd1 Rf7 23. Nxe7+ Rfxe7 24. Rxd7 Rxd7 25. Rxd7 Qxd7 26. g3 Ne7 27. Bc3 Nc6
28. Qd2 Qxd2 29. Bxd2 Nd4 30. Kf1 Nf3 31. Be3 b6 32. Kg2 Nd4 33. f4 exf4 34.
Bxf4 Ne6 35. Kf3 g5 36. Bd6 Kf7 37. e5 f5 38. g4 f4 39. h3 Kg6 40. a4 h5 41. Ke4
hxg4 42. hxg4 Nd4 43. Bc7 f3 44. Ke3 f2 45. Kxf2 Nxb3 46. Bxb6 Kf7 47. Ke3 Ke6
48. Bc7 Na1 49. Ke4 Nc2 50. Bb6 Na3 51. Bxc5 Nxc4 52. Bf8 Nxe5 53. Be7 Nxg4 54.
Bxg5 Ne5 55. a5 Nc6 56. Bd2 Kd6 57. Kd3 Kc5 58. Kc2 Kb5 59. Kb3 Nxa5+ 60. Bxa5
Kxa5 61. Kb2 Kb4 62. Ka2 a5 63. Kb2 a4 64. Ka2 a3 65. Kb1 Kb3 66. Ka1 Ka4 67.
Ka2 Kb4 68. Ka1 Kb3 69. Kb1 a2+ 70. Ka1 Kc2 71. Kxa2 {Game drawn because neither
player has mating material} 1/2-1/2

[Event "Team 45 45 League T27"]
[Site "Internet Chess Club"]
[Date "2005.06.25"]
[Round "2"]
[White "littleboo"]
[Black "WannaB"]
[Result "1/2-1/2"]
[WhiteElo "1235"]
[BlackElo "1132"]
[TimeControl "2700+45"]

1. e4 c5 2. Nf3 d6 3. Nc3 Nf6 4. Bc4 Nc6 5. O-O e6 6. d4 cxd4 7. Nxd4 Be7 8. Bb5
Bd7 9. Bf4 a6 10. Bc4 O-O 11. Be3 b5 12. Bd3 e5 13. Nxc6 Bxc6 14. a3 d5 15. f4
d4 16. fxe5 Nd7 17. Bxd4 Qc7 18. Qh5 Nc5 19. Nd5 Bxd5 20. exd5 Nxd3 21. cxd3 Qd8
22. Qf3 b4 23. axb4 Bxb4 24. Ra4 a5 25. Bc3 Bxc3 26. bxc3 Qd7 27. Qe4 Qa7+ 28.
Qd4 Qxd4+ 29. Rxd4 a4 30. Ra1 a3 31. Rh4 h6 32. Kf2 Rfb8 33. Re4 Rb2+ 34. Re2
Rxe2+ 35. Kxe2 Ra4 36. d6 Kf8 37. d4 Ke8 38. Kd2 Kd7 39. d5 Ra5 40. c4 a2 41.
Ke3 Ra3+ 42. Ke4 g6 43. c5 Ra4+ 44. Kd3 h5 45. c6+ Kd8 46. e6 fxe6 47. dxe6 Ra6
48. e7+ Ke8 49. Rf1 Rxc6 50. Rf8+ Kd7 51. e8=Q+ Kxd6 52. Qa8 Kd7 53. Qd8+ Ke6
54. Qd4 Rd6 55. Re8+ Kd7 56. Ra8 Rxd4+ 57. Kxd4 Kd6 58. Rxa2 g5 59. Ra6+ Ke7 60.
Ke4 Kf7 61. Kf5 g4 62. Kg5 g3 63. hxg3 Kg7 64. Kxh5 Kh7 65. g4 Kg7 66. g5 Kf7
67. g6+ Kg7 68. Ra7+ Kg8 69. Kh6 Kf8 70. g7+ Kg8 71. g4 {Black stalemated}
1/2-1/2

[Event "Team 45 45 League T27"]
[Site "Internet Chess Club"]
[Date "2005.06.23"]
[Round "2"]
[White "DayDream01"]
[Black "Tom45"]
[Result "1-0"]
[WhiteElo "1105"]
[BlackElo "1062"]
[TimeControl "2700+45"]

1. d4 Nf6 2. c4 d6 3. Nc3 Bd7 4. Nf3 h6 5. e4 e6 6. Bd3 c5 7. O-O cxd4 8. Nxd4
e5 9. Nf3 Nc6 10. Re1 Be7 11. Be3 b6 12. a3 Bg4 13. Nd5 Bxf3 14. Qxf3 Nxd5 15.
cxd5 Nd4 16. Qd1 Bg5 17. Bxd4 exd4 18. Qa4+ Kf8 19. Qxd4 Qf6 20. Qb4 g6 21. e5
Qd8 22. exd6 Kg7 23. Rac1 Bxc1 24. Rxc1 Re8 25. Rc7 Re1+ 26. Qxe1 Qxd6 27. Qe7
Qf4 28. Bxg6 Kxg6 29. d6 Qf5 30. h3 Qb1+ 31. Kh2 Qxb2 32. Qxf7+ Kg5 33. Qe7+ Kg6
34. d7 Qxf2 35. Qd6+ Kg5 36. Rc8 Kh4 37. d8=Q+ {Black resigns} 1-0

[Event "Team 45 45 League T27"]
[Site "Internet Chess Club"]
[Date "2005.06.26"]
[Round "2"]
[White "nir8888"]
[Black "Joyoyo"]
[Result "1-0"]
[WhiteElo "1670"]
[BlackElo "1647"]
[TimeControl "2700+45"]

1. d4 f5 2. Nf3 e6 3. Bf4 d5 4. e3 Nf6 5. Nbd2 c6 6. c3 Be7 7. Bd3 O-O 8. h3
Nbd7 9. Ng5 Nb6 10. Ngf3 Nbd7 11. Ng5 Nb6 12. O-O Ne4 13. Ngf3 Nd7 14. Ne5 Nxe5
15. dxe5 Qe8 16. Nxe4 fxe4 17. Be2 Qg6 18. Bh5 {Black resigns} 1-0

[Event "Team 45 45 League T27"]
[Site "Internet Chess Club"]
[Date "2005.06.25"]
[Round "2"]
[White "batttoman"]
[Black "JesterFox"]
[Result "0-1"]
[WhiteElo "1402"]
[BlackElo "1547"]
[TimeControl "2700+45"]

1. c4 c5 2. g3 Nc6 3. Bg2 Nf6 4. Nc3 e6 5. e4 d6 6. d3 a6 7. Bg5 Be7 8. Nf3 O-O
9. O-O Qc7 10. Re1 Rb8 11. Qd2 Rd8 12. Nh4 b5 13. f4 h6 14. Bxh6 gxh6 15. f5 Kh7
16. Bh3 e5 17. Kh1 bxc4 18. dxc4 Bb7 19. Nd5 Nxd5 20. cxd5 Bg5 21. Qf2 Nd4 22.
Nf3 Nxf3 23. Qxf3 Bc8 24. Qh5 Rxb2 25. Rf1 Qd7 26. Bg4 Qe8 27. f6 Bxg4 28. Qxg4
Qg8 29. Rf5 Qg6 30. h4 Bf4 31. Qf3 Qxg3 32. Qxg3 Bxg3 33. Rg1 Rh2# {White
checkmated} 0-1

[Event "Team 45 45 League T27"]
[Site "Internet Chess Club"]
[Date "2005.06.27"]
[Round "2"]
[White "gessie7"]
[Black "BosqueVerde"]
[Result "0-1"]
[WhiteElo "1409"]
[BlackElo "1178"]
[TimeControl "2700+45"]

1. e4 e6 2. Nf3 d5 3. e5 Bb4 4. Nc3 c5 5. d4 c4 6. Bd2 Qb6 7. a3 Bxc3 8. bxc3
Ne7 9. Rb1 Qa5 10. Bc1 Nbc6 11. Be2 b5 12. Ng5 O-O 13. O-O a6 14. Bh5 h6 15. Nh3
Nf5 16. Qf3 Rb8 17. g4 Nh4 18. Qg3 Qd8 19. g5 Nf5 20. Qf4 hxg5 21. Nxg5 f6 22.
exf6 Qxf6 23. a4 e5 24. dxe5 Nxe5 25. Ba3 Rd8 26. Nf7 Ng6 27. Qxb8 Qxf7 28. Kh1
d4 29. Bxg6 Qxg6 30. Rg1 Qc6+ 31. Rg2 Nh4 32. Qg3 Nxg2 33. Qxg2 Qxg2+ 34. Kxg2
Bb7+ 35. f3 d3 36. cxd3 cxd3 37. axb5 d2 38. Rd1 axb5 39. Bb4 Rd3 40. c4 Bxf3+
{White resigns} 0-1

[Event "Team 45 45 League T27"]
[Site "Internet Chess Club"]
[Date "2005.06.24"]
[Round "2"]
[White "allanchs"]
[Black "ATLfalcons"]
[Result "0-1"]
[WhiteElo "1652"]
[BlackElo "1781"]
[TimeControl "2700+45"]

1. e4 c6 2. d4 d5 3. Nc3 dxe4 4. Nxe4 Bf5 5. Ng3 Bg6 6. h4 h5 7. Nh3 Nf6 8. Nf4
Bh7 9. Bd3 Qxd4 10. Be3 Qb4+ 11. c3 Qxb2 12. Bxh7 Qxc3+ 13. Bd2 Qe5+ 14. Be3
Rxh7 15. O-O Ng4 16. Re1 Nxe3 17. Rxe3 Qxf4 18. Re4 Qc7 19. Qd3 g6 20. Rd1 Nd7
21. Rd4 O-O-O 22. Ne4 Bg7 23. Ra4 a6 24. Qb1 Nb6 25. Rb4 Rxd1+ 26. Qxd1 Rh8 27.
Qb1 Nd5 28. Rb3 Rd8 29. Nc5 b5 30. a4 Bd4 31. Nxa6 Qa7 32. axb5 Bxf2+ 33. Kh1 c5
34. Qc2 Bxh4 35. Nxc5 Qa1+ 36. Rb1 Qc3 37. Qxc3 Nxc3 38. Rc1 Rd1+ {White
resigns} 0-1

[Event "Team 45 45 League T27"]
[Site "Internet Chess Club"]
[Date "2005.06.25"]
[Round "2"]
[White "RingLord"]
[Black "alaskauk"]
[Result "1-0"]
[WhiteElo "1587"]
[BlackElo "1480"]
[TimeControl "2700+45"]

1. e4 c5 2. Nc3 Nc6 3. f4 d6 4. Bb5 Bd7 5. Nf3 e6 6. O-O a6 7. Bxc6 Bxc6 8. Qe1
g6 9. d3 Qc7 10. e5 O-O-O 11. a3 d5 12. d4 Nh6 13. Ne2 Bb5 14. Bd2 Be7 15. b4
Bxe2 16. Qxe2 c4 17. Rfb1 Qc6 18. a4 Kd7 19. b5 Qb6 20. bxa6 Qxa6 21. Bb4 Rb8
22. Qe1 Rhc8 23. Bxe7 Kxe7 24. Qh4+ Kd7 25. Qxh6 Rh8 26. Qg7 Rhf8 27. c3 Ke7 28.
a5 Qc6 29. Rb6 Qc7 30. Qf6+ Ke8 31. Qg7 Ra8 32. Rxe6+ Kd7 33. Rd6+ Ke8 34. Ng5
Rd8 35. Rxd8+ Qxd8 36. Nxh7 {Black resigns} 1-0

[Event "Team 45 45 League T27"]
[Site "Internet Chess Club"]
[Date "2005.06.23"]
[Round "2"]
[White "mogwop"]
[Black "fgameiro"]
[Result "0-1"]
[WhiteElo "1442"]
[BlackElo "1517"]
[TimeControl "2700+45"]

1. d4 Nf6 2. Nf3 e6 3. e3 b6 4. Bd3 Bb7 5. Nbd2 d6 6. O-O Be7 7. e4 Nbd7 8. c3
c6 9. Re1 Qc7 10. h3 h6 11. a3 O-O 12. Qc2 e5 13. Nf1 d5 14. exd5 e4 15. Bxe4
Nxe4 16. Qxe4 Bd6 17. Bd2 Nf6 18. Qf5 Bc8 19. Qd3 cxd5 20. Ne3 Be6 21. Nf5 Bf4
22. Bxf4 Qxf4 23. Ne3 Qc7 24. Nf1 Nh5 25. Ne5 f6 26. Ng6 Rfe8 27. Qf3 Bf7 28.
Qxh5 Kh7 29. Ng3 Qc4 30. Nf5 Bxg6 31. Qf3 Qb3 32. Ne3 Qxb2 33. Qxd5 Qxc3 34. Qc4
Rxe3 35. Qxc3 Rxc3 36. Red1 Rd8 37. d5 Bd3 38. Rdc1 Rxc1+ 39. Rxc1 Rxd5 40. Rc7
Ra5 41. Rc3 Bg6 42. Kf1 a6 43. Ke1 Re5+ 44. Kd2 b5 45. Re3 Rxe3 46. Kxe3 a5 47.
Kd4 Bf7 48. Kc3 a4 49. Kb4 Bc4 50. Kc3 f5 51. h4 g6 52. Kb4 Kg7 53. Kc3 Kf6 54.
Kd4 Ke6 55. f4 Bf1 56. g3 Kd6 57. Kc3 Kd5 58. Kd2 Kd4 59. Ke1 Bc4 60. Kd2 Bb3
61. Ke2 Kc3 62. Ke3 Kb2 {White resigns} 0-1

[Event "Team 45 45 League T27"]
[Site "Internet Chess Club"]
[Date "2005.06.23"]
[Round "2"]
[White "MiroslavR"]
[Black "martineden"]
[Result "1-0"]
[WhiteElo "2012"]
[BlackElo "1830"]
[TimeControl "2700+45"]

1. e4 e5 2. Nf3 Nc6 3. Bb5 a6 4. Ba4 f5 5. d4 fxe4 6. Nxe5 Nf6 7. Bg5 Bb4+ 8. c3
Be7 9. Bxf6 Bxf6 10. O-O O-O 11. Qb3+ Kh8 12. Nf7+ Rxf7 13. Qxf7 d5 14. Qh5 Be6
15. Nd2 Qd7 16. Bxc6 bxc6 17. Qe2 Qd6 18. f3 exf3 19. Nxf3 Re8 20. Rae1 c5 21.
Ne5 Kg8 22. Qh5 Re7 23. Rf4 cxd4 24. cxd4 c5 25. Ref1 cxd4 26. Rxf6 gxf6 27.
Rxf6 Rg7 28. Qe8+ {Black resigns} 1-0

[Event "Team 45 45 League T27"]
[Site "Internet Chess Club"]
[Date "2005.06.27"]
[Round "2"]
[White "alastorx"]
[Black "Gandalf"]
[Result "0-1"]
[WhiteElo "1697"]
[BlackElo "1821"]
[TimeControl "2700+45"]

1. d4 d5 2. Nf3 Nf6 3. e3 Bg4 4. c4 c6 5. h3 Bf5 6. Nbd2 e6 7. Be2 Nbd7 8. O-O
Bd6 9. Qb3 Rb8 10. a4 Ne4 11. Bd3 Ndf6 12. Ne5 Nxd2 13. Bxd2 Ne4 14. Qc2 Qh4 15.
f4 Bxe5 16. fxe5 Qg3 17. Rf3 Qg6 18. Kh2 Nxd2 19. Rxf5 exf5 20. Bxf5 Qg5 21.
cxd5 cxd5 22. Qc7 O-O 23. Qc2 Qxe3 24. Bxh7+ Kh8 25. Rd1 Qf4+ 26. Kh1 Ne4 27.
Bxe4 Qxe4 28. Qxe4 dxe4 29. d5 Rfe8 {White resigns} 0-1

[Event "Team 45 45 League T27"]
[Site "Internet Chess Club"]
[Date "2005.06.26"]
[Round "2"]
[White "ChessJunior"]
[Black "Egmont"]
[Result "1-0"]
[WhiteElo "1778"]
[BlackElo "1725"]
[TimeControl "2700+45"]

1. e4 c5 2. Nf3 Nc6 3. d4 cxd4 4. Nxd4 g6 5. Nc3 Bg7 6. Be3 Nf6 7. Bc4 Qa5 8.
O-O O-O 9. Nb3 Qc7 10. f4 d6 11. Be2 a6 12. Nd5 Nxd5 13. exd5 Nb4 14. c3 Bxc3
15. bxc3 Qxc3 16. Bd2 Qd4+ 17. Nxd4 {Black resigns} 1-0

[Event "Team 45 45 League T27"]
[Site "Internet Chess Club"]
[Date "2005.06.26"]
[Round "2"]
[White "NFK"]
[Black "rayonline53"]
[Result "0-1"]
[WhiteElo "1710"]
[BlackElo "1605"]
[TimeControl "2700+45"]

1. e4 c6 2. d4 d5 3. exd5 cxd5 4. c4 e6 5. Nf3 Nf6 6. c5 Be7 7. Bd3 Nc6 8. O-O
O-O 9. a3 b6 10. b4 bxc5 11. dxc5 a6 12. Bb2 Bb7 13. Qc2 h6 14. Re1 Nd7 15. Nbd2
Bf6 16. Rab1 Bxb2 17. Rxb2 Rc8 18. Nb3 Qf6 19. b5 axb5 20. Bxb5 Ra8 21. Ra2 Ndb8
22. Qd2 Ba6 23. a4 Rc8 24. Rc1 Rc7 25. Rac2 Rb7 26. Nbd4 Rc7 27. Nxc6 Nxc6 28.
Bxc6 Rxc6 29. Nd4 Rcc8 30. c6 Bc4 31. a5 e5 32. Rxc4 dxc4 33. Rxc4 exd4 34. Rxd4
Qxc6 35. h4 Qc1+ {White resigns} 0-1

[Event "Team 45 45 League T27"]
[Site "Internet Chess Club"]
[Date "2005.06.28"]
[Round "2"]
[White "camembert"]
[Black "MikkoN"]
[Result "0-1"]
[WhiteElo "1798"]
[BlackElo "1911"]
[TimeControl "2700+45"]

1. e4 d6 2. d4 g6 3. c4 Bg7 4. Nc3 e5 5. Nf3 exd4 6. Nxd4 Ne7 7. Be3 Nbc6 8. h4
h6 9. Qd2 Ne5 10. Be2 a6 11. O-O-O Bd7 12. h5 g5 13. f4 Ng4 14. fxg5 Nxe3 15.
Qxe3 hxg5 16. Kb1 Nc6 17. Nf5 Be5 18. c5 Be6 19. cxd6 cxd6 20. Qd3 Bxf5 21. exf5
Nd4 22. Nd5 Qa5 23. Bf3 Rc8 24. Ne3 Qb4 25. Nd5 Qa5 26. Rc1 Kd7 27. g4 Rc5 28.
Rxc5 dxc5 29. f6 Re8 30. Be4 Kc8 31. Ne7+ Kb8 32. Rf1 Qb6 33. Qd2 Qd6 34. Qxg5
Ne6 35. Qf5 Qd4 {White forfeits on time} 0-1

[Event "Team 45 45 League T27"]
[Site "Internet Chess Club"]
[Date "2005.06.26"]
[Round "2"]
[White "TeroL"]
[Black "forquesato"]
[Result "1-0"]
[WhiteElo "1865"]
[BlackElo "1835"]
[TimeControl "2700+45"]

1. e4 c6 2. d4 d5 3. Nc3 dxe4 4. Nxe4 Nf6 5. Nxf6+ gxf6 6. c3 Bf5 7. Nf3 Qc7 8.
g3 e6 9. Bg2 Bd6 10. O-O h5 11. Nh4 Bg4 12. f3 Bxg3 13. hxg3 Qxg3 14. Qe1 Qd6
15. fxg4 hxg4 16. Bf4 Qf8 17. Qg3 Nd7 18. Rae1 O-O-O 19. Rf2 f5 20. Bf1 Nf6 21.
Bg5 Qg7 22. Qf4 Rdg8 23. Bxf6 Qxf6 24. Nxf5 exf5 25. Qxf5+ Qxf5 26. Rxf5 Rh7 27.
Re7 g3 28. Rfxf7 Rh2 29. Bg2 b5 30. Rxa7 Kb8 31. Rab7+ Kc8 32. Rbc7+ Kb8 33.
Rxc6 Re8 34. Rb6+ Kc8 35. Bb7+ Kb8 36. Bc6+ Kc8 37. Bxe8 {Black resigns} 1-0

[Event "Team 45 45 League T27"]
[Site "Internet Chess Club"]
[Date "2005.06.28"]
[Round "2"]
[White "FinnishPlayer"]
[Black "RD1974"]
[Result "1-0"]
[WhiteElo "1694"]
[BlackElo "1724"]
[TimeControl "2700+45"]

1. d4 Nf6 2. c4 e6 3. Nf3 h6 4. Nc3 d5 5. Bf4 b6 6. cxd5 Nxd5 7. Bg3 Bb7 8. Nd2
c5 9. Bxb8 Rxb8 10. e4 cxd4 11. Qa4+ Qd7 12. Bb5 Bc6 13. Bxc6 Nxc3 14. Bxd7+ Ke7
15. bxc3 dxc3 16. Nf3 Rd8 17. Bb5 a5 18. Rd1 Rc8 19. Ba6 Rc7 20. e5 c2 21. Rc1
f6 22. exf6+ Kf7 23. Rxc2 Bb4+ 24. Ke2 Ra7 25. fxg7 Kxg7 26. Bb5 Rf8 27. Qb3 Re7
28. Rd1 e5 29. Rd7 Rff7 30. Rcc7 e4 31. Rxe7 exf3+ 32. Qxf3 Rxe7+ 33. Rxe7+ Bxe7
34. Qc3+ Kg6 35. Qc6+ Kg7 36. Qxb6 {Black resigns} 1-0

[Event "Team 45 45 League T27"]
[Site "Internet Chess Club"]
[Date "2005.06.24"]
[Round "2"]
[White "icouldgivea"]
[Black "Catalog"]
[Result "0-1"]
[WhiteElo "2038"]
[BlackElo "2099"]
[TimeControl "2700+45"]

1. e4 d5 2. exd5 Qxd5 3. Nc3 Qa5 4. Nf3 Nf6 5. d3 c6 6. g3 Bg4 7. Bg2 Nbd7 8.
O-O Qh5 9. Re1 e6 10. Bf4 O-O-O 11. a3 e5 12. Bd2 h6 13. b4 Nh7 14. Re3 Bd6 15.
Qb1 f5 16. Nh4 f4 17. Re1 g5 18. h3 gxh4 19. hxg4 Qxg4 20. Ne4 Bc7 21. f3 Qg6
22. gxh4 Rhg8 23. Re2 Bb6+ 24. Kh2 Nhf6 25. Be1 Nxe4 26. dxe4 Nf6 27. Bh3+ Kb8
28. Rg2 Qh5 29. Qb3 Rxg2+ 30. Kxg2 Rg8+ 31. Kh2 Qg6 32. Bg4 Nxg4+ 33. fxg4 Qxg4
{White resigns} 0-1

[Event "Team 45 45 League T27"]
[Site "Internet Chess Club"]
[Date "2005.06.24"]
[Round "2"]
[White "EdBorowski"]
[Black "SonnyBlack"]
[Result "1-0"]
[WhiteElo "2054"]
[BlackElo "2000"]
[TimeControl "2700+45"]

1. d4 Nf6 2. c4 e6 3. Nf3 d5 4. e3 Be7 5. Nc3 O-O 6. Bd3 b6 7. O-O Bb7 8. Ne5 c5
9. cxd5 exd5 10. Bd2 Nc6 11. Rc1 Re8 12. Bb5 Rc8 13. Qa4 Qd6 14. Bxc6 Bxc6 15.
Qxa7 Bd7 16. Nxd7 Nxd7 17. Qb7 Nf6 18. Nb5 Qe6 19. f3 Kh8 20. Rfe1 Rb8 21. Qc7
Rec8 22. Qe5 Qd7 23. a4 Ne8 24. dxc5 bxc5 25. e4 dxe4 26. Qxe4 Bf6 27. Bf4 Ra8
28. Rcd1 Qc6 29. Qxc6 Rxc6 30. b3 c4 31. Rc1 c3 32. Be5 Bxe5 33. Rxe5 c2 34. Re2
Nd6 35. Nxd6 Rxd6 36. Rexc2 g6 37. Rc8+ Rxc8 38. Rxc8+ Kg7 39. Rc1 Kf6 40. b4
Kf5 41. a5 g5 42. b5 g4 43. fxg4+ Kxg4 44. a6 {Black resigns} 1-0

[Event "Team 45 45 League T27"]
[Site "Internet Chess Club"]
[Date "2005.06.23"]
[Round "2"]
[White "tarheels"]
[Black "LeifEricson"]
[Result "0-1"]
[WhiteElo "1742"]
[BlackElo "1861"]
[TimeControl "2700+45"]

1. e4 g6 2. d4 Bg7 3. Nf3 d6 4. h3 Nf6 5. Nbd2 Nbd7 6. e5 Nd5 7. c4 N5b6 8. e6
fxe6 9. Bd3 Nf6 10. O-O O-O 11. Re1 e5 12. dxe5 dxe5 13. Nxe5 Nh5 14. Bxg6 hxg6
15. Nxg6 Nf4 16. Nxe7+ Kh7 17. Qc2+ Qd3 18. Qd1 Bxh3 19. Re3 Qd7 20. gxh3 Nxh3+
21. Kf1 Rxf2+ 22. Ke1 Rf6 23. Ne4 Rf1+ 24. Kxf1 Qxd1+ 25. Kg2 Qg4+ 26. Ng3 Nf4+
27. Kf2 Bd4 28. Bd2 Nxc4 29. Rh1+ Nh3+ 30. Kg2 Nxe3+ 31. Bxe3 Bxe3 32. Rxh3+
Qxh3+ 33. Kxh3 Bd4 34. b3 Re8 35. Ngf5 Bf6 36. Nd5 Bd8 37. Kg4 Re4+ 38. Kf3 Re5
39. Nde3 Bg5 {White resigns} 0-1